 Dungeon Crawl Stone Soup version 0.32-a0-42-ga30500b4d3 (webtiles) character file.

Game seed: 18022988717294682375

76 cowhearter the Slasher (level 4, -2/33 HPs)
             Began as a Demonspawn Gladiator on Jan 31, 2024.
             Killed by divine providence
             ... invoked by an orc priest
              (12 damage)
             ... on level 3 of the Dungeon.
             The game lasted 00:03:03 (2031 turns).

cowhearter the Slasher (Demonspawn Gladiator)       Turns: 2031, Time: 00:03:03

Health: -2/33      AC: 10    Str: 17    XL:     4   Next: 12%
Magic:  4/4        EV: 12    Int:  8    God:
Gold:   103        SH:  0    Dex: 14    Spells: 3/3 levels left

rFire   . . .        a - +0 long sword
rCold   . . .        (no shield)
rNeg    . . .        b - +0 leather armour
rPois   .            c - +0 helmet
rElec   .            (no cloak)
rCorr   .            (no gloves)
SInv    .            (no boots)
Will    .....        (no amulet)
Stlth   +            q - +4 ring of protection
HPRegen 0.25/turn    (no ring)
MPRegen 0.09/turn

%: no passive effects
@: no status effects
A: hooves 1, thin metallic scales 1
a: no special abilities


You were on level 3 of the Dungeon.
You visited 1 branch of the dungeon, and saw 3 of its levels.

You collected 103 gold pieces.

Inventory:

Hand Weapons
 a - a +0 long sword (weapon)
Missiles
 d - 3 throwing nets (quivered)
 e - a javelin
 o - 4 poisoned darts
Armour
 b - a +0 leather armour (worn)
 c - a +0 helmet (worn)
Jewellery
 q - a +4 ring of protection (left hand)
Scrolls
 f - a scroll of revelation {unknown}
 g - 4 scrolls of teleportation {unknown}
 h - a scroll of noise {unknown}
 i - 2 scrolls of identify {unknown}
 j - a scroll of butterflies {unknown}
 m - 2 scrolls of immolation {unknown}
 r - 3 scrolls of fog {unknown}
Potions
 k - 2 potions of brilliance {unknown}
 l - 2 potions of curing {unknown}
 n - 2 potions of haste {unknown}
 p - a potion of resistance {unknown}


   Skills:
 - Level 2.0 Fighting
 + Level 4.5 Long Blades
 - Level 1.7 Throwing
 - Level 2.7 Dodging


You had 3 spell levels left.
You didn't know any spells.
Your spell library contained the following spells:

 Spells                   Type           Power      Damage    Failure   Level
 Blink                    Tloc           0%         N/A       63%         2
 Lesser Beckoning         Tloc           0%         N/A       63%         2
 Momentum Strike          Conj/Tloc      0%         3d8       63%         2


Dungeon Overview and Level Annotations

Branches:
Dungeon (3/15)

Altars:

Annotations:
D:3 1 runed translucent door, hgbash's ghost, amateur OpCj


Innate Abilities, Weirdness & Mutations

You have large cloven feet.
You are partially covered in thin metallic scales. (AC +2)


Message History

An orc comes into view. It is wielding a +0 hand axe.
The orc shouts!
Hgbash's ghost keens inconsolably.
An orc comes into view. It is wielding a +0 trident.
An orc priest comes into view. It is wielding a +0 club.
Found Great Wizards, Vol.
VII.
The orc shouts!
The orc priest shouts!
The orc hits you but does no damage. The orc misses you.
You hit the orc. You kick the orc.
The orc is moderately wounded.
The orc hits you but does no damage.
The orc hits you from afar with a +0 trident.
You hit the orc.
The orc is almost dead.
The orc priest calls down the wrath of Beogh upon you.
Beogh smites you! The orc misses you.
You are too injured to fight recklessly!
You are too injured to fight recklessly!
You are too injured to fight recklessly!
You are too injured to fight recklessly!
You are too injured to fight recklessly!
You are too injured to fight recklessly!
You are too injured to fight recklessly!
You are too injured to fight recklessly!
You are too injured to fight recklessly!
You are too injured to fight recklessly!
You are too injured to fight recklessly!
You are too injured to fight recklessly!
Unknown command.
The orc priest attacks as it pursues you!
The orc priest closely misses you. The orc attacks as it pursues you!
The orc hits you from afar with a +0 trident.
* * * LOW HITPOINT WARNING * * *
The orc priest miscasts a cantrip.
The orc misses you.
You barely miss the orc. You kick the orc, but do no damage.
The orc is almost dead.
The orc priest invokes the aid of Beogh against you.
Beogh smites you!
You die...

..#⌠.!♣?.⌠#..#
....##.....##..# #
#.....##...##...##.#
+......##W##...[...#
#.......#+#...#.########
#.............#........#
#.............#..#####.
#.............#..#...#
#......o.@...........#
#.:..=.oo.##.....#<###
#.....[...###.#........#
#.........# #.##..>#####
#.........# #.####.#
#.######### .# #.# # #.#
..# ###


You could see an orc priest, hgbash's ghost and 2 orcs.

Vanquished Creatures
  A gnoll (D:1)
  An adder (D:2)
  2 dart slugs (D:1)
  2 ribbon worms (D:2)
  4 endoplasms
  4 giant cockroaches
  4 goblins
  4 hobgoblins (D:1)
  3 jackals (D:1)
  2 kobolds (D:1)
  A quokka (D:2)
  5 ball pythons
  4 bats
  3 frilled lizards
  4 rats
44 creatures vanquished.

Notes
Turn   | Place    | Note
-------+----------+-------------------------------------------
     0 | D:1      | cowhearter the Demonspawn Gladiator began the quest for the
                  | Orb.
     0 | D:1      | Reached XP level 1. HP: 16/16 MP: 1/1
    44 | D:1      | Reached skill level 3 in Long Blades
    44 | D:1      | Gained mutation: You are partially covered in thin metallic
                  | scales. (AC +2) [demonic ancestry]
    44 | D:1      | Reached XP level 2. HP: 14/22 MP: 2/2
   321 | D:1      | Reached XP level 3. HP: 25/27 MP: 3/3
   398 | D:1      | You fall into a shaft and drop 1 floor!
   648 | D:1      | Reached skill level 4 in Long Blades
  1360 | D:2      | Found a faded altar of an unknown god.
  1792 | D:2      | Gained mutation: You have large cloven feet. [demonic
                  | ancestry]
  1792 | D:2      | Reached XP level 4. HP: 30/33 MP: 4/4
  2017 | D:3      | Noticed hgbash's ghost (amateur OpCj)
  2018 | D:3      | Found a runed translucent door.
  2031 | D:3      | Killed from afar by an orc priest

Illustrated notes

Levels and vault maps discovered:
D:1:      psy_arrival_radial01, layout_loops_ring, minmay_pentomino_s2
D:2:      layout_basic, shapermc_ecumenical_altar_totnotflames
D:3:      layout_basic, hellmonk_ghost_happy_afterlife, kennysheep_nondescript,
          uniq_jessica, uniq_sigmund, uniq_terence, uniq_grinder

Skill      XL: |  1  2  3 |
---------------+----------+-----
Long Blades    | 3 4 |  4.5
Fighting       | |  2.0
Throwing       | |  1.7
Dodging        | |  2.7

Action                     |  1- 3 |  4- 6 || total
---------------------------+-------+-------++-------
  Melee: Long sword        |   107 |    12 ||   119
         Kick              |       |     7 ||     7
   Stab: Sleeping          |     2 |       ||     2
 Armour: Leather armour    |    62 |     5 ||    67
  Dodge: Dodged            |    82 |     7 ||    89

Table legend: (Time is in decaauts)
 A = Elapsed time spent in this place.
 B = Non-inter-level travel time spent in this place.
 C = Inter-level travel time spent in this place.
 D = Time resting spent in this place.
 E = Time spent auto-exploring this place.
 F = Levels seen in this place.
 G = Mean time per level.
                   A        B        C        D        E       F      G
               +--------+--------+--------+--------+--------+-----+--------+
         Total |   2055 |   1923 |    132 |    390 |   1206 |   3 |  685.0 |
       Dungeon |   2055 |   1923 |    132 |    390 |   1206 |   3 |  685.0 |
               +--------+--------+--------+--------+--------+-----+--------+

Top non-repeatable levels by time:
     D:1: 1170 daAuts
     D:2: 864 daAuts
     D:3: 20 daAuts
